 Dungeon Crawl Stone Soup version 0.31-a0-1308-ga3cce3a448 (webtiles) character file.

Game seed: 10375857567757133411

23 Curundu the Slasher (level 2, -4/27 HPs)
             Began as a Minotaur Berserker on Dec 19, 2023.
             Was a Follower of Trog.
             Killed from afar by Natasha (8 damage)
             ... with a magic dart
             ... on level 2 of the Dungeon.
             The game lasted 00:03:04 (813 turns).

Curundu the Slasher (Minotaur Berserker)             Turns: 813, Time: 00:03:04

Health: -4/27      AC:  0    Str: 21    XL:     2   Next: 75%
Magic:  1/1        EV: 14    Int:  4    God:    Trog [*.....]
Gold:   84         SH:  0    Dex:  9    Spells: 1/1 levels left

rFire   . . .        a - melded +0 falchion
rCold   . . .        (shield currently unavailable)
rNeg    . . .        j - melded +0 scale mail
rPois   .            (helmet currently unavailable)
rElec   .            d - melded +0 cloak
rCorr   .            (gloves currently unavailable)
SInv    .            (boots currently unavailable)
Will    .....        (no amulet)
Stlth   +            (ring currently unavailable)
HPRegen 0.24/turn    (ring currently unavailable)
MPRegen 0.07/turn

%: no passive effects
@: pig-form, very quick
A: fast, no casting, small, (horns 2), (retaliatory headbutt)
a: Renounce Religion, Berserk


You were on level 2 of the Dungeon.
You worshipped Trog.
Trog was aware of your devotion.
You were a filthy swine.
You visited 1 branch of the dungeon, and saw 2 of its levels.

You collected 84 gold pieces.

Inventory:

Hand Weapons
 a - a +0 falchion (melded)
Missiles
 g - 6 curare-tipped darts (quivered)
Armour
 d - a +0 cloak (melded)
 j - a +0 scale mail (melded)
Scrolls
 c - a scroll of vulnerability {unknown}
Potions
 b - a potion of heal wounds {unknown}
 e - a potion of attraction {unknown}
 f - a potion of brilliance {unknown}
 i - a potion of haste {unknown}


   Skills:
 + Level 4.1 Fighting
 + Level 4.3 Long Blades
 + Level 2.5 Armour
 + Level 2.3 Dodging


You had one spell level left.
You didn't know any spells.
Your spell library contained the following spells:

 Spells                   Type           Power      Damage    Failure   Level
 Freeze                   Ice            0%         1d3       50%         1
 Frozen Ramparts          Ice            0%         1d1       86%         3
 Hailstorm                Conj/Ice       0%         3d5       86%         3


Dungeon Overview and Level Annotations

Branches:
Dungeon (2/15)

Altars:

Annotations:
D:2 Natasha


Innate Abilities, Weirdness & Mutations

You are a filthy swine.
You move quickly.
Your equipment is almost entirely melded.
You are incapable of wielding weapons or throwing items.
You cannot cast spells.
((You have a pair of horns on your head.))
((You reflexively headbutt those who attack you in melee.))


Message History

You closely miss Natasha. Natasha claws you.
You closely miss Natasha. Natasha claws you.
You miss Natasha. Your headbutt misses Natasha. Natasha claws you.
Natasha mumbles some strange words.
Natasha shimmers violently.
Natasha barely misses you.
You hit Natasha.
Natasha is lightly wounded.
Natasha zaps a wand.
You resist with significant effort.
You hit Natasha but do no damage.
Natasha is lightly wounded.
Natasha closely misses you.
You hit Natasha. Your headbutt misses Natasha.
Natasha is lightly wounded.
Natasha claws you.
You barely miss Natasha.
Natasha is lightly wounded.
Natasha barely misses you.
You closely miss Natasha. Your headbutt misses Natasha.
Natasha is lightly wounded.
Natasha claws you but does no damage.
You hit Natasha but do no damage. You headbutt Natasha!
Natasha is almost dead.
Natasha claws you!
You hit Natasha. Your headbutt misses Natasha.
Natasha is almost dead.
Natasha zaps a wand.
You turn into a filthy swine.
Your +0 falchion melds into your body.
Your +0 cloak melds into your body.
Your +0 scale mail melds into your body.
You hit Natasha but do no damage.
Natasha is almost dead.
Natasha claws you!
* * * LOW HITPOINT WARNING * * *
Unknown command.
You barely miss Natasha.
Natasha is almost dead.
Natasha stares at you and mumbles some strange words.
The magic dart hits you!
You die...
Natasha curls up and begins to purr.

#.#####..########.# #.###
#..####...#.# #.#..
#...........# #.#.#
#.#####...†.. #.#.#
#.........###
...####.#.#.###.......#
...)..........#.#####.###
...####.#####.#.# #....
#.hh....#.# #....
#######.#.# ##).. #.#
#... ... #... ... #...
... #..> #... ####


You could see Natasha.

Vanquished Creatures
  An adder (D:2)
  An endoplasm (D:1)
  A goblin (D:1)
  A hobgoblin (D:1)
  2 kobolds (D:1)
  A ball python (D:1)
  4 bats
  A frilled lizard (D:1)
  4 rats (D:1)
16 creatures vanquished.

Notes
Turn   | Place    | Note
-------+----------+-------------------------------------------
     0 | D:1      | Curundu the Minotaur Berserker began the quest for the Orb.
     0 | D:1      | Reached XP level 1. HP: 19/19 MP: 0/0
   184 | D:1      | Found a faded altar of an unknown god.
   223 | D:1      | Reached XP level 2. HP: 27/27 MP: 1/1
   799 | D:2      | Noticed Natasha
   813 | D:2      | Killed from afar by Natasha

Illustrated notes

Levels and vault maps discovered:
D:1:      nzn_arrival_crosshair, layout_loops_ring,
          hellmonk_ecumenical_altar_heavens_door, chequers_serial_rivers_micro_a
D:2:      layout_basic, uniq_natasha

Skill      XL: |  1  2 |
---------------+-------+-----
Long Blades    | 4 |  4.3
Fighting       | 4 |  4.1
Armour         | |  2.5
Dodging        | |  2.3

Action                     || total
---------------------------++-------
  Melee: Falchion          ||    43
         Headbutt          ||     3
         Punch             ||     1
         Unarmed           ||     2
 Armour: Animal skin       ||    10
         Ring mail         ||    10
         Scale mail        ||     6
         Skin              ||     2
  Dodge: Dodged            ||    23

Table legend: (Time is in decaauts)
 A = Elapsed time spent in this place.
 B = Non-inter-level travel time spent in this place.
 C = Inter-level travel time spent in this place.
 D = Time resting spent in this place.
 E = Time spent auto-exploring this place.
 F = Levels seen in this place.
 G = Mean time per level.
                   A        B        C        D        E       F      G
               +--------+--------+--------+--------+--------+-----+--------+
         Total |    818 |    818 |      0 |      0 |    623 |   2 |  409.0 |
       Dungeon |    818 |    818 |      0 |      0 |    623 |   2 |  409.0 |
               +--------+--------+--------+--------+--------+-----+--------+

Top non-repeatable levels by time:
     D:1: 708 daAuts
     D:2: 109 daAuts
